 Dungeon Crawl Stone Soup version 0.22.1-2-g9c5b331 (webtiles) character file.

2765 kaesh the Cleaver (level 10, 0/77 HPs)
             Began as a Formicid Fighter on Dec 1, 2018.
             Slain by a wraith (4 damage)
             ... on level 9 of the Dungeon.
             The game lasted 00:18:40 (7312 turns).

kaesh the Cleaver (Formicid Fighter)                Turns: 7312, Time: 00:18:40

Health: 0/77       AC: 11    Str: 30    XL:     10   Next: 1%
Magic:  10/10      EV: 11    Int:  8    God:
Gold:   304        SH: 13    Dex: 12    Spells: 9/9 levels left

rFire    . . .     SeeInvis +   a - +1 war axe
rCold    + . .     Gourm    .   c - +1 shield
rNeg     . . .     Faith    .   l - +1 scale mail {MR+}
rPois    +         Spirit   .   (helmet unavailable)
rElec    .         Reflect  .   b - +1 cloak {rPois}
rCorr    .         Harm     .   (no gloves)
MR       +++..                  (no boots)
Stlth    ..........             (no amulet)
HPRegen  0.22/turn              j - +3 ring of strength
MPRegen  0.12/turn              k - ring of protection from magic

@: mighty
A: permanent stasis, dig shafts and tunnels, four strong arms, antennae 3, thin
skeletal structure 1, cold resistance 1, weak 1
a: Dig, Shaft Self


You were on level 9 of the Dungeon.
You were not hungry.

You visited 1 branch of the dungeon, and saw 9 of its levels.

You collected 304 gold pieces.

Inventory:

Hand Weapons
 a - a +1 war axe (weapon)
Armour
 b - a +1 cloak of poison resistance (worn)
 c - a +1 shield (worn)
 l - a +1 scale mail of magic resistance (worn)
 o - a +1 robe of cold resistance
Jewellery
 j - a +3 ring of strength (left hand)
 k - a ring of protection from magic (right hand)
Wands
 d - a wand of disintegration (7)
Scrolls
 g - 4 scrolls of identify
 h - a scroll of enchant weapon
Potions
 e - 5 potions of haste
 n - a potion of brilliance
Comestibles
 f - 11 rations


   Skills:
 + Level 6.3 Fighting
 + Level 8.9 Axes
 + Level 6.4 Armour
 + Level 3.0 Dodging
 + Level 7.5 Shields
 + Level 0.4 Evocations


You had 9 spell levels left.
You didn't know any spells.
Your spell library was empty.

Dungeon Overview and Level Annotations

Branches:
Dungeon (10/15)
 Temple: D:4-7         Lair: D:8-11         Orc: D:9-12

Altars:

Shops:
D:5 ?

Annotations:
D:10 Prince Ribbit


Innate Abilities, Weirdness & Mutations

You cannot be hasted, slowed, berserked, paralysed or teleported.
You can dig through walls and to a lower floor.
Your four strong arms can wield two-handed weapons with a shield.
You have a pair of large antennae on your head. (SInv)
You have a somewhat thin skeletal structure. (Dex +2, Stealth)
Your flesh is cold resistant. (rC+)
You are weak. (Str -2)


Message History

You block the wraith's attack.
You hit the wraith.
The wraith is severely damaged.
You block the wraith's attack.
You hit the wraith but do no damage.
The wraith is severely damaged.
You block the wraith's attack.
You hit the wight but do no damage. You hit the wraith.
You block the wraith's attack. The wight closely misses you.
You barely miss the wraith.
The wraith is almost destroyed.
You hit the wight but do no damage.
A wight comes into view. It is wielding an enchanted mace.
You block the wraith's attack.
You closely miss the wraith.
The wraith is almost destroyed.
You hit the wight. You block the wight's attack.
A wight comes into view. It is wielding a long sword.
The wraith hits you.
You die...

#.......#..(.##..#
#.......#####
########.###.#.### #.#...#O#
### ##)## ##.#...#.#
###)######......#.#
########.......##..#...#.#
####..<...#.#.###.#.......#O#
........#.#.#.###.#z.#......#
.###.##.............###.#.###
## #.####.#.....@z..>#.##.#
#.# #.#..#..#W#..z.z..# #..
..#.......#.......# ###
#####.#......#.....#
#.##.#............
#.##.#..#.###.W#.# ..........
.....# #####.##....)... ..
.......##


You could see a wraith and 4 wights.

Vanquished Creatures
  A two-headed ogre (D:9)
  Sigmund (D:2)
  A sky beast (D:6)
  2 ice beasts
  3 centaurs
  2 bullfrogs
  A water moccasin zombie (D:5)
  4 scorpions
  2 killer bees (D:7)
  4 crimson imps
  A jelly (D:5)
  2 hounds
  2 orc priests (D:5)
  7 orc wizards
  A bullfrog skeleton (D:6)
  An iguana (D:9)
  Crazy Yiuf (D:6)
  Ijyb (D:3)
  3 worker ants
  A killer bee zombie (D:6)
  A hound zombie (D:7)
  A worker ant zombie (D:7)
  17 gnolls
  5 adders
  2 oozes (D:4)
  An adder zombie (D:10)
  2 worms (D:3)
  A dart slug (D:1)
  10 leopard geckos
  12 orcs
  3 giant cockroaches
  13 goblins
  4 hobgoblins
  2 quokkas
  8 bats
  3 frilled lizards
  6 kobolds
  A leopard gecko skeleton (D:5)
  A quokka zombie (D:5)
  5 rats
  A fungus (D:6)
140 creatures vanquished.

Notes
Turn   | Place    | Note
-------+----------+-------------------------------------------
     0 | D:1      | kaesh the Formicid Fighter began the quest for the Orb.
     0 | D:1      | Reached XP level 1. HP: 18/18 MP: 1/1
    45 | D:1      | Reached XP level 2. HP: 19/24 MP: 2/2
   558 | D:2      | Reached XP level 3. HP: 29/29 MP: 3/3
   616 | D:2      | Noticed Sigmund
   642 | D:2      | Killed Sigmund
   642 | D:2      | Reached skill level 3 in Axes
   642 | D:2      | Reached XP level 4. HP: 15/37 MP: 4/4
   642 | D:2      | Reached XP level 5. HP: 17/42 MP: 5/5
   910 | D:2      | Reached XP level 6. HP: 48/48 MP: 6/6
  1254 | D:3      | Noticed Ijyb
  1259 | D:3      | Killed Ijyb
  1259 | D:3      | Reached skill level 1 in Dodging
  1464 | D:3      | Reached skill level 4 in Axes
  2011 | D:3      | Gained mutation: Your flesh is cold resistant. (rC+)
                  | [potion of mutation]
  2011 | D:3      | Gained mutation: You are weak. (Str -2) [potion of
                  | mutation]
  2011 | D:3      | Gained mutation: You have a somewhat thin skeletal
                  | structure. (Dex +2, Stealth) [potion of mutation]
  2455 | D:4      | Reached skill level 5 in Shields
  2455 | D:4      | Reached XP level 7. HP: 46/55 MP: 7/7
  3548 | D:5      | Entered Level 5 of the Dungeon
  3597 | D:5      | Reached skill level 5 in Axes
  3712 | D:5      | Reached skill level 5 in Armour
  3712 | D:5      | Reached XP level 8. HP: 15/61 MP: 8/8
  4092 | D:5      | Found Duasah's Magic Scroll Emporium.
  4286 | D:5      | Reached skill level 6 in Axes
  4485 | D:5      | Reached skill level 5 in Fighting
  5035 | D:6      | Reached skill level 7 in Axes
  5464 | D:6      | Reached XP level 9. HP: 56/68 MP: 9/9
  5697 | D:6      | Found a runed door.
  5702 | D:6      | Noticed Crazy Yiuf
  5708 | D:6      | Killed Crazy Yiuf
  6061 | D:7      | You fall through a shaft for 3 floors!
  6061 | D:10     | Entered Level 10 of the Dungeon
  6399 | D:9      | Noticed Prince Ribbit
  6407 | D:9      | Reached skill level 8 in Axes
  7266 | D:9      | Noticed a two-headed ogre
  7304 | D:9      | Killed a two-headed ogre
  7304 | D:9      | Reached XP level 10. HP: 11/77 MP: 10/10
  7304 | D:9      | HP: 2/77 [wraith (9)]
  7312 | D:9      | Slain by a wraith

Skill      XL: |  1  2  3  4  5  6  7  8  9 |
---------------+----------------------------+-----
Shields        | 4 5 6 7 |  7.5
Fighting       | 4 5 6 |  6.3
Axes           | 3 4 5 7 8 |  8.9
Armour         | 4 5 6 |  6.4
Dodging        | 1 2 3 |  3.0
Evocations     | |  0.4

Action                   |  1- 3 |  4- 6 |  7- 9 | 10-12 || total
-------------------------+-------+-------+-------+-------++-------
Melee: War axe           |    57 |   161 |   324 |     7 ||   549
 Abil: Shaft Self        |       |       |     1 |       ||     1
Evoke: Wand              |       |       |     2 |       ||     2
  Use: Potion            |     3 |     4 |     2 |     1 ||    10
       Scroll            |     1 |     7 |     3 |       ||    11
  Eat: Chunk             |       |     5 |    16 |       ||    21
Armor: Scale mail        |    24 |    65 |    73 |       ||   162
       Chain mail        |       |    20 |    32 |       ||    52
       Robe              |       |       |     1 |       ||     1
Dodge: Dodged            |    20 |    64 |   127 |     3 ||   214
Block: Shield            |    20 |   109 |   201 |     7 ||   337
